 Dungeon Crawl Stone Soup version 0.31-a0-971-g75a2e9a4b4 (webtiles) character file.

Game seed: 13757627172758397570

111 Arzdou the Ruffian (level 4, 0/29 HPs)
             Began as an Octopode Shapeshifter on Oct 28, 2023.
             Slain by a gnoll bouda
             ... wielding a +0 whip
              (11 damage)
             ... on level 2 of the Dungeon.
             The game lasted 00:03:26 (2103 turns).

Arzdou the Ruffian (Octopode Shapeshifter)          Turns: 2103, Time: 00:03:28

Health: 0/29       AC:  1    Str: 15    XL:     4   Next: 92%
Magic:  4/4        EV: 17    Int: 12    God:
Gold:   81         SH:  0    Dex: 11    Spells: 3/3 levels left

rFire   . . .        a - +7 Spriggan's Knife {stab, EV+4 Stlth+}
rCold   . . .        (no shield)
rNeg    . . .        (helmet currently unavailable)
rPois   .            (no amulet)
rElec   .            (no ring)
rCorr   .            (no ring)
SInv    .            (no ring)
Will    .....        (no ring)
Stlth   ++++         (no ring)
HPRegen 0.24/turn    (no ring)
MPRegen 0.09/turn    (no ring)
                     (no ring)

%: no passive effects
@: beast-form
A: beast (slay +1), almost no armour, amphibious, 8 rings, camouflage 1,
gelatinous body 1, (nimble swimmer 1), tentacles
a: Begin Untransformation


You were on level 2 of the Dungeon.
You were a hulking beast.
You visited 1 branch of the dungeon, and saw 3 of its levels.

You collected 81 gold pieces.

Inventory:

Hand Weapons
 a - the +7 Spriggan's Knife (weapon) {stab, EV+4 Stlth+}
   (You found it on level 2 of the Dungeon)

   Stab:      It is more effective when stabbing unaware enemies, sometimes
   treating them as though they were completely helpless.
   EV+4:      It affects your evasion (+4).
   Stlth+:    It makes you more stealthy.
Missiles
 e - 38 stones (quivered)
Talismans
 b - a beast talisman
 c - a flux talisman
Scrolls
 d - 2 scrolls of identify {unknown}
 f - a scroll of teleportation {unknown}
 g - a scroll of fog {unknown}
 h - a scroll of poison {unknown}
 i - 3 scrolls of enchant weapon {unknown}
 j - a scroll of amnesia {unknown}
 l - a scroll of revelation {unknown}
 p - a scroll of blinking {unknown}
Potions
 k - a potion of degeneration {unknown}
 m - 2 potions of lignification
 n - a potion of attraction {unknown}
 o - a potion of mutation {unknown}
 q - 2 potions of haste {unknown}


   Skills:
 - Level 2.1 Fighting
 + Level 1.0 Short Blades
 - Level 2.8 Dodging
 + Level 1.5 Stealth
 - Level 3.6 Unarmed Combat
 - Level 3.4 Shapeshifting


You had 3 spell levels left.
You didn't know any spells.
Your spell library was empty.

Dungeon Overview and Level Annotations

Branches:
Dungeon (3/15)

Altars:


Innate Abilities, Weirdness & Mutations

You are a hulking beast.
Your limbs bulge with bestial killing power. (Slay +1)
You cannot wear most types of armour.
You are amphibious.
You can wear up to eight rings at the same time.
Your skin changes colour to match your surroundings (Stealth+).
Your rubbery body absorbs attacks. (AC +1, EV +1)
((You are camouflaged when in or above water. (Stealth+)))
You have tentacles for arms and can constrict up to eight enemies at once.


Message History

The kobold throws a poisoned dart.
The poisoned dart closely misses you.
A goblin comes into view. It is wielding a +0 dagger.
The gnoll bouda barks out a call to the hunt!
The gnoll picks up the pace!
The kobold completely misses you.
You hear a shout!
Things that are here:
a +0 dagger; a goblin corpse You completely miss the kobold.
You grab the kobold. You squeeze the kobold.
The kobold is heavily wounded.
You constrict the kobold.
The kobold hits you with a +0 short sword.
Unknown command.
You hit the kobold.
You kill the kobold!
Unknown command.
You hit the gnoll bouda but do no damage.
Your grab misses the gnoll bouda. The gnoll barely misses you.
The gnoll bouda gazes fiercely through you!
You feel your attacks grow feeble.
The gnoll bouda hits you with a +0 whip!
You are too injured to fight recklessly!
Unknown command.
The gnoll closely misses you.
There is a stone staircase leading up here.
The gnoll bouda hits you with a +0 whip.
The gnoll misses you.
You climb upwards.
There is a stone staircase leading down, spattered with blood here.
You hit the gnoll bouda but do no damage.
You grab the gnoll bouda.
You tentacle-slap the gnoll bouda, but do no damage.
You constrict the gnoll bouda. The gnoll bouda misses you.
You hit the gnoll bouda.
You squeeze the gnoll bouda, but do no damage.
The gnoll bouda is moderately wounded.
Your attacks no longer feel as feeble.
You constrict the gnoll bouda, but do no damage.
The gnoll bouda hits you with a +0 whip!
You die...

....##.#########.# #.# #.....
#.>.##.........#.# #.# #.....
#.#.##########.#.# #.# #.....
#................# #.# #.....
#.############.######.# ###'##
#.# #....####.#.# ######.## #.#
#.#####.....###......##
#.#########.#####g#............##
#......#....#..)h.#.#####.##...##
######.#.####.#####.# #......##
#.#.##.......#.# #......##
######.#.##.##.##.#.# ##.#...#
.....#.#.##.##.##.#.# #)##.###
.....#.#.##...^##.#.# #.#.....
....<#.#.########.#.# #.#....<
.....#.#......# #.#.# #.#.####
.....#.####.#####.#.# #.#...#.


You could see a gnoll bouda.

Vanquished Creatures
  2 adders (D:2)
  2 gnolls (D:2)
  6 endoplasms
  2 giant cockroaches (D:2)
  7 goblins
  4 hobgoblins
  5 jackals
  12 kobolds
  5 quokkas
  4 ball pythons
  8 bats
  4 frilled lizards
  5 rats (D:2)
66 creatures vanquished.

Notes
Turn   | Place    | Note
-------+----------+-------------------------------------------
     0 | D:1      | Arzdou the Octopode Shapeshifter began the quest for the
                  | Orb.
     0 | D:1      | Reached XP level 1. HP: 13/13 MP: 1/1
   189 | D:1      | Reached XP level 2. HP: 17/18 MP: 2/2
   603 | D:1      | Reached XP level 3. HP: 19/23 MP: 3/3
  1362 | D:2      | Found the +7 Spriggan's Knife {stab, EV+4 Stlth+}
  1369 | D:2      | Reached XP level 4. HP: 20/29 MP: 4/4
  1975 | D:2      | Reached skill level 1 in Stealth
  2094 | D:3      | Reached skill level 1 in Short Blades
  2103 | D:2      | Slain by a gnoll bouda

Illustrated notes

Levels and vault maps discovered:
D:1:      amcnicky_arrival_underground_garden, layout_basic
D:2:      layout_basic, hex_large, minmay_joined_circles
D:3:      layout_loops_ring, nicolae_shop_vocational, uniq_robin, uniq_jessica

Skill      XL: |  1  2  3  4 |
---------------+-------------+-----
Fighting       | 2 |  2.1
Stealth        | 1 |  1.5
Short Blades   | 1 |  1.0
Dodging        | |  2.8
Unarmed Combat | |  3.6
Shapeshifting  | |  3.4

Action                     |  1- 3 |  4- 6 || total
---------------------------+-------+-------++-------
  Melee: Unarmed           |    65 |    17 ||    82
         Constrict         |    12 |    11 ||    23
         Tentacles         |     8 |     8 ||    16
         Punch             |     2 |     1 ||     3
         Knife             |       |    34 ||    34
  Throw: Stone             |    17 |       ||    17
   Stab: Sleeping          |     7 |     7 ||    14
 Armour: Skin              |    28 |    16 ||    44
  Dodge: Dodged            |    34 |    28 ||    62

Table legend: (Time is in decaauts)
 A = Elapsed time spent in this place.
 B = Non-inter-level travel time spent in this place.
 C = Inter-level travel time spent in this place.
 D = Time resting spent in this place.
 E = Time spent auto-exploring this place.
 F = Levels seen in this place.
 G = Mean time per level.
                   A        B        C        D        E       F      G
               +--------+--------+--------+--------+--------+-----+--------+
         Total |   2100 |   2067 |     33 |    195 |   1480 |   3 |  700.0 |
       Dungeon |   2100 |   2067 |     33 |    195 |   1480 |   3 |  700.0 |
               +--------+--------+--------+--------+--------+-----+--------+

Top non-repeatable levels by time:
     D:2: 1055 daAuts
     D:1: 1007 daAuts
     D:3: 38 daAuts
